 Dungeon Crawl Stone Soup version 0.30-a0-1074-g5db6f66fbb (webtiles) character file.

Game seed: 14602322502338191407

5 themarg the Caller (level 1, -1/13 HPs)
             Began as a Merfolk Summoner on Apr 13, 2023.
             Succumbed to a goblin's poison
             ... on level 1 of the Dungeon.
             The game lasted 00:00:52 (224 turns).

themarg the Caller (Merfolk Summoner)                Turns: 224, Time: 00:00:53

Health: -1/13      AC:  2    Str:  8    XL:     1   Next: 80%
Magic:  1/3        EV: 12    Int: 14    God:
Gold:   21         SH:  0    Dex: 14    Spells: 3/4 levels left

rFire   . . .      SeeInvis .    d - +0 spear
rCold   . . .      Faith    .    (no shield)
rNeg    . . .      Spirit   .    a - +0 robe
rPois   .          Reflect  .    (no helmet)
rElec   .          Rampage  .    (no cloak)
rCorr   .                        (no gloves)
Will    .....                    (no boots)
Stlth   ++                       (no amulet)
HPRegen 0.22/turn                (no ring)
MPRegen 0.08/turn                (no ring)

@: lethally poisoned (-1 -> -15)
A: (nimble swimmer 2), mertail
a: no special abilities


You were on level 1 of the Dungeon.
You visited 1 branch of the dungeon, and saw 1 of its levels.

You collected 21 gold pieces.

Inventory:

Hand Weapons
 d - a +0 spear (weapon)
Armour
 a - a +0 robe (worn)
Scrolls
 e - a scroll of enchant armour {unknown}
Potions
 b - a potion of magic
 c - a potion of berserk rage {unknown}


   Skills:
 - Level 2.6 Dodging
 + Level 2.5 Stealth
 - Level 2.0 Spellcasting
 + Level 4.1 Summonings


You had 3 spell levels left.
You knew the following spells:

 Your Spells              Type           Power      Damage    Failure   Level
a - Summon Small Mammal   Summ           52%        N/A       4%          1

Your spell library contained the following spells:

 Spells                   Type           Power      Damage    Failure   Level
 Call Imp                 Summ           26%        N/A       7%          2
 Call Canine Familiar     Summ           13%        N/A       13%         3
 Summon Guardian Golem    Hex/Summ       7%         N/A       30%         3
 Summon Lightning Spire   Summ/Air       7%         N/A       71%         4


Dungeon Overview and Level Annotations

Branches:
Dungeon (1/15)

Altars:


Innate Abilities, Weirdness & Mutations

((You are very nimble when in or above water. (Stealth+, EV+, Speed+++)))
Your lower body shifts to a powerful aquatic tail in water.


Message History

Your quokka closely misses the goblin.
The dart slug launches a dart at you. The slug dart hits your quokka.
Your quokka bites the dart slug. x2
The dart slug launches a dart at you. The slug dart hits your quokka.
Your quokka dies!
Your quokka's corpse disappears in a puff of smoke!
Reach: d) +0 spear
Press: ? - help, Dir - move target, f - goblin
Aim: a goblin, wielding a +2 dagger of venom (moderately wounded, ally target, about 47% to evade your +0 spear)
You could not reach far enough!
Your bat hits the goblin. Your bat misses the goblin.
The goblin barely misses your bat.
Your bat hits the goblin.
The goblin hits your bat with a +2 dagger of venom.
Your bat dies!
Your bat's corpse disappears in a puff of smoke!
Okay, then.
Reach: d) +0 spear
Press: ? - help, Dir - move target, f/p - goblin
Aim: a goblin, wielding a +2 dagger of venom (heavily wounded, about 47% to evade your +0 spear)
You reach to attack!
You hit the goblin but do no damage.
The goblin is heavily wounded.
Reach: d) +0 spear
Press: ? - help, Dir - move target, f/p - goblin
Aim: a goblin, wielding a +2 dagger of venom (heavily wounded, about 47% to evade your +0 spear)
You barely miss the goblin.
The goblin is heavily wounded.
The goblin hits you with a +2 dagger of venom.
You are lethally poisoned!
You hit the goblin but do no damage.
The goblin is heavily wounded.
You feel very sick.
The goblin hits you with a +2 dagger of venom.
You are more poisoned.
You hit the goblin.
You kill the goblin!
* * * LOW HITPOINT WARNING * * *
You feel very sick.
You die...

.
#.####......)......
#. #.#.#.........
#. #.#.##########
#. #.#.# .. #.#.#
#w#.# #.#.# #.#.#
#@#.# .....#.#.#
....#.#.# #...#.#.#
+.....#.# #.....#.#
#.....#.# #.....#.#
#...###.#


You could see a dart slug.

Vanquished Creatures
  2 goblins (D:1)
2 creatures vanquished.

Vanquished Creatures (collateral kills)
  An endoplasm (D:1)
  A hobgoblin (D:1)
2 creatures vanquished.

Grand Total: 4 creatures vanquished

Notes
Turn   | Place    | Note
-------+----------+-------------------------------------------
     0 | D:1      | themarg the Merfolk Summoner began the quest for the Orb.
     0 | D:1      | Reached XP level 1. HP: 13/13 MP: 3/3
   224 | D:1      | Succumbed to a goblin's poison

Illustrated notes

Levels and vault maps discovered:
D:1:      kennysheep_arrival_seaside, layout_basic

Action                     || total
---------------------------++-------
  Melee: Spear             ||     8
   Cast: Summon Small Mamm ||     9
  Dodge: Dodged            ||     1

Table legend: (Time is in decaauts)
 A = Elapsed time spent in this place.
 B = Non-inter-level travel time spent in this place.
 C = Inter-level travel time spent in this place.
 D = Time resting spent in this place.
 E = Time spent auto-exploring this place.
 F = Levels seen in this place.
 G = Mean time per level.
                   A        B        C        D        E       F      G
               +--------+--------+--------+--------+--------+-----+--------+
         Total |    224 |    224 |      0 |      0 |    162 |   1 |  224.0 |
       Dungeon |    224 |    224 |      0 |      0 |    162 |   1 |  224.0 |
               +--------+--------+--------+--------+--------+-----+--------+

Top non-repeatable levels by time:
     D:1: 224 daAuts
